[Event "Western Asian Juniors Chess-ch 2023"]
[Site "Colombo"]
[Date "2023.12.01"]
[Round "3.1"]
[White "Mazhkenov, Alisher"]
[Black "Harshavardhan G B"]
[Result "0-1"]
[ECO "C88"]
[WhiteElo "2105"]
[BlackElo "2390"]
[Annotator "RC"]
[PlyCount "134"]
[EventDate "2023.11.30"]
[EventCountry "SRI"]
[SourceTitle "playchess.com"]
[Source "ChessBase"]
[SourceQuality "1"]
[TimeControl "5400+30"]

1. e4 e5 2. Nf3 Nc6 3. Bb5 a6 4. Ba4 Nf6 5. O-O Be7 6. Re1 b5 7. Bb3 O-O 8. a4 Bb7 9. d3 d6 10. Nc3 Na5 11. Ba2 b4 12. Ne2 c5 13. Ng3 Bc8 14. h3 b3 15. cxb3 Nc6 16. b4 Nxb4 17. Bc4 Ne8 18. Bd2 Rb8 19. Nf1 Nc7 20. Ne3 g6 21. Bc3 Be6 22. Qd2 Bg5 23. Qe2 Bh6 24. Nc2 Nxc2 25. Qxc2 Bxc4 26. dxc4 Ne6 27. Rab1 Nd4 28. Bxd4 cxd4 29. Re2 Qb6 30. b3 Qc6 31. Ne1 f5 32. b4 fxe4 33. Rxe4 Rfc8 34. c5 Bg7 35. Re2 dxc5 36. Qc4+ Kh8 37. b5 axb5 38. axb5 Qe8 39. Nd3 Qg8 40. Rc1 Qxc4 41. Rxc4 Rxb5 42. Rec2 Rb1+ 43. Kh2 e4 44. Rxc5 Rxc5 45. Nxc5 Be5+ 46. g3 d3 47. Ra2 Re1 48. Ra8+ Kg7 49. Rd8 Bc3 50. Rd7+ Kf6 51. Nxe4+ Rxe4 52. Rxd3 Bd4 53. Kg2 Bc5 54. Kf3 Rc4 55. Rd2 Rc3+ 56. Kg2 Ke6 57. h4 Rb3 58. Re2+ Kd5 59. g4 h6 60. g5 h5 61. Re8 Rb6 62. Rg8 Ke5 63. Rc8 Bd4 64. Rf8 Rb2 65. Kg3 Bxf2+ 66. Kh3 Rb3+ 67. Kg2 Bxh4 0-1

[Event "Western Asian Juniors Chess-ch 2023"]
[Site "Colombo"]
[Date "2023.12.01"]
[Round "3.2"]
[White "Orozbaev, Eldiar"]
[Black "Hommadov, Amanmuhammet"]
[Result "0-1"]
[ECO "B22"]
[WhiteElo "2278"]
[BlackElo "2055"]
[Annotator "ChessBase"]
[PlyCount "132"]
[EventDate "2023.11.30"]
[EventCountry "SRI"]
[SourceTitle "playchess.com"]
[Source "ChessBase"]
[SourceQuality "1"]
[TimeControl "5400+30"]

1. e4 c5 2. c3 Nf6 3. e5 Nd5 4. d4 cxd4 5. Nf3 Nc6 6. cxd4 d6 7. Bc4 Nb6 8. Bb5 dxe5 9. Nxe5 Bd7 10. Nc3 Nxe5 11. dxe5 Bxb5 12. Nxb5 Qxd1+ 13. Kxd1 O-O-O+ 14. Ke2 Rd5 15. a4 Rxe5+ 16. Be3 Nd5 17. Rac1+ Kb8 18. Rhd1 e6 19. Kf3 Rf5+ 20. Ke2 Re5 21. Kf3 Rf5+ 22. Ke2 Re5 23. Rxd5 exd5 24. Kd3 Rxe3+ 25. fxe3 a6 26. Nc3 Bd6 27. Nxd5 Bxh2 28. e4 Be5 29. b4 h5 30. b5 axb5 31. axb5 h4 32. Rh1 g5 33. Rf1 g4 34. Ne3 Rd8+ 35. Ke2 Rd4 36. Rxf7 Rxe4 37. Re7 h3 38. gxh3 gxh3 39. Kf3 Rh4 40. b6 Kc8 41. Rxe5 h2 42. Rc5+ Kd7 43. Rc1 h1=Q+ 44. Rxh1 Rxh1 45. Nc4 Kc6 46. Ke4 Kc5 47. Nd2 Kxb6 48. Kd4 Kc6 49. Nc4 Rh4+ 50. Kc3 Kc5 51. Na5 Rh3+ 52. Kb2 b5 53. Nb3+ Kb4 54. Nd4 Rh2+ 55. Nc2+ Ka4 56. Kc3 Rh3+ 57. Kb2 b4 58. Nd4 Rh2+ 59. Kb1 b3 60. Nf3 Rf2 61. Nd4 Rg2 62. Ka1 Ka3 63. Nb5+ Kb4 64. Nd4 Kc4 65. Nf3 Kc3 66. Kb1 Rf2 0-1

[Event "Western Asian Juniors Chess-ch 2023"]
[Site "Colombo"]
[Date "2023.12.01"]
[Round "3.3"]
[White "Liyanage, Pesandu Rashmitha"]
[Black "Liyanage, Ranindu Dilshan"]
[Result "0-1"]
[ECO "E08"]
[WhiteElo "1766"]
[BlackElo "2400"]
[Annotator "TA"]
[PlyCount "48"]
[EventDate "2023.11.30"]
[EventCountry "SRI"]
[SourceTitle "playchess.com"]
[Source "ChessBase"]
[SourceQuality "1"]
[TimeControl "5400+30"]

1. d4 d5 2. c4 e6 3. Nf3 Nf6 4. g3 Be7 5. Bg2 c6 6. O-O Nbd7 7. Qc2 O-O 8. Rd1 a5 {[%emt 0:00:43] [#] E08: Closed Catalan: Main Line: 7 Qc2.} 9. Ne5 $146 (9. Nbd2 $14 {stays ahead.}) ({Predecessor:} 9. Nbd2 b6 10. e4 Ba6 11. b3 Rc8 12. Bb2 h6 13. Rac1 Bb4 14. Qb1 Nxe4 15. Nxe4 dxe4 16. Qxe4 {1-0 Le,Q (2709)-Andreikin,D (2729) Chess.com Rapid Wk12 Swiss 2022 (2)}) 9... Nxe5 $17 10. dxe5 Ng4 {[%emt 0:02:40] Black is slightly better.} 11. e4 {[%emt 0:20:13] [#]} (11. Nc3 $15) 11... Bc5 $1 {[%emt 0:18:43][%cal Be7c5,Bc5f2,Bf2d4][%mdl 32] Black is more active.} (11... Nxe5 $6 12. cxd5 exd5 13. Bf4 $11) 12. Rd2 d4 (12... Nxe5 13. exd5 Qf6 14. dxc6 bxc6 15. Nc3 $11) 13. Nc3 (13. b3 {was called for.}) 13... Nxe5 14. Rd1 d3 (14... Nxc4 15. Na4 Ba7 16. Qxc4 $11) 15. Qb3 {[%emt 0:01:08] [#]} (15. Qd2) 15... Bxf2+ $1 $19 {[%emt 0:03:36][%mdl 576] Decoy} 16. Kh1 (16. Kxf2 $2 {is the wrong capture.} Qd4+ 17. Kf1 Ng4) 16... Bd4 17. h3 Qe7 18. Bf4 Rd8 19. Na4 Ng6 20. Rxd3 e5 21. Be3 Be6 {[%emt 0:00:00][%cal Ob7b5] And now ...b5! would win.} 22. Nb6 (22. Bxd4 $142 exd4 23. Qd1) 22... Ra6 23. Bxd4 exd4 (23... Rxd4 $2 {perishes.} 24. Rdd1) 24. Rad1 {[%emt 0:00:40] [#]} (24. Nd5 $142 cxd5 25. exd5) 24... a4 $1 {[%emt 0:00:00][%mdl 512] White got outplayed after the opening.   Weighted Error Value: White=0.56/Black=0.22 (precise)} 0-1

[Event "Western Asian Juniors Chess-ch 2023"]
[Site "Colombo"]
[Date "2023.12.01"]
[Round "3.4"]
[White "De Silva, L M S T"]
[Black "Kulathilake, S M M P"]
[Result "1-0"]
[ECO "A13"]
[WhiteElo "2394"]
[BlackElo "1583"]
[Annotator "RC"]
[PlyCount "69"]
[EventDate "2023.11.30"]
[EventCountry "SRI"]
[SourceTitle "playchess.com"]
[Source "ChessBase"]
[SourceQuality "1"]
[TimeControl "5400+30"]

1. Nf3 d5 2. e3 Nf6 3. c4 e6 4. b3 Be7 5. Bb2 O-O 6. Nc3 b6 7. cxd5 exd5 8. d4 Bf5 9. Bd3 Ne4 10. Qc2 Bb4 11. O-O Bxc3 12. Bxc3 Nd7 13. Bb2 Rc8 14. Rad1 Qe7 15. Ne5 Nxe5 16. dxe5 Bg6 17. f3 Ng5 18. f4 Bxd3 19. Qxd3 Ne4 20. Qxd5 Nc5 21. Ba3 Rfd8 22. Bxc5 bxc5 23. Qc6 h6 24. Qb7 a5 25. Rc1 f6 26. exf6 Qxe3+ 27. Kh1 gxf6 28. Qa6 Qd4 29. Qe2 Qd3 30. Qe6+ Kg7 31. Qe7+ Kg8 32. Qxf6 Rd6 33. Qe5 Rcd8 34. h3 Qd4 35. Qxc5 1-0

[Event "Western Asian Juniors Chess-ch 2023"]
[Site "Colombo"]
[Date "2023.12.01"]
[Round "3.5"]
[White "Thilakarathne, G M H"]
[Black "Dissanayake, R K T"]
[Result "1-0"]
[ECO "B52"]
[WhiteElo "2389"]
[BlackElo "1865"]
[Annotator "RC"]
[PlyCount "59"]
[EventDate "2023.11.30"]
[EventCountry "SRI"]
[SourceTitle "playchess.com"]
[Source "ChessBase"]
[SourceQuality "1"]
[TimeControl "5400+30"]

1. e4 c5 2. Nf3 d6 3. Bb5+ Bd7 4. Bxd7+ Qxd7 5. c4 Nc6 6. O-O Nf6 7. Nc3 g6 8. a3 Bg7 9. Rb1 O-O 10. b4 b6 11. d3 Ne8 12. Ne2 Nc7 13. b5 Nd4 14. Nfxd4 cxd4 15. Ng3 e6 16. a4 f5 17. exf5 exf5 18. Qf3 Ne6 19. Qd5 Kh8 20. Ba3 Be5 21. Rbe1 Nf4 22. Qf3 g5 23. Bc1 g4 24. Qd1 h5 25. Bxf4 Bxf4 26. Nxh5 Bxh2+ 27. Kxh2 Rf7 28. Rh1 Rh7 29. Kg3 Rf8 30. Nf4 1-0

[Event "Western Asian Juniors Chess-ch 2023"]
[Site "Colombo"]
[Date "2023.12.01"]
[Round "3.6"]
[White "Halynyazow, Vepaly"]
[Black "Raahul V S"]
[Result "0-1"]
[ECO "D43"]
[WhiteElo "2020"]
[BlackElo "2350"]
[Annotator "RC"]
[PlyCount "132"]
[EventDate "2023.11.30"]
[EventCountry "SRI"]
[SourceTitle "playchess.com"]
[Source "ChessBase"]
[SourceQuality "1"]
[TimeControl "5400+30"]

1. d4 Nf6 2. Nf3 d5 3. c4 e6 4. Bg5 Bb4+ 5. Nc3 h6 6. Bxf6 Qxf6 7. e3 O-O 8. Rc1 c6 9. Bd3 Nd7 10. cxd5 exd5 11. O-O Bd6 12. e4 Bf4 13. e5 Qe6 14. Rc2 f6 15. Re2 fxe5 16. dxe5 Nc5 17. Bb1 Qg4 18. b4 Qh5 19. bxc5 Bg4 20. Nxd5 cxd5 21. Qxd5+ Rf7 22. h3 Bxf3 23. Qxf3 Bh2+ 24. Kxh2 Rxf3 25. gxf3 Rf8 26. Be4 Qxe5+ 27. Kh1 Qxc5 28. Rc2 Qh5 29. Kg2 Qg5+ 30. Kh1 Re8 31. Rfc1 b6 32. Rc8 Kf7 33. R1c7+ Re7 34. Rc6 Rd7 35. Bg6+ Qxg6 36. Rxg6 Kxg6 37. Rc2 Rd1+ 38. Kg2 Ra1 39. Kg3 Kf5 40. Rb2 Ke5 41. f4+ Kf5 42. Kf3 Rc1 43. Rb5+ Rc5 44. Rb3 Ra5 45. a3 Ra4 46. Kg3 Ke6 47. Rd3 b5 48. Kg4 a6 49. h4 g6 50. f3 Ke7 51. Re3+ Kf6 52. Rc3 Rc4 53. Rd3 h5+ 54. Kg3 Rc6 55. Kf2 a5 56. Rb3 Rb6 57. Ke3 Kf5 58. Kd4 b4 59. Kc5 Rb8 60. a4 Kxf4 61. Kc4 Rd8 62. Kb5 Rd5+ 63. Kb6 Kg3 64. Rd3 Kxh4 65. f4 Rf5 66. Rd6 Kg4 0-1

[Event "Western Asian Juniors Chess-ch 2023"]
[Site "Colombo"]
[Date "2023.12.01"]
[Round "3.7"]
[White "Sathsindu, W M Minura"]
[Black "Ankit Ray"]
[Result "1/2-1/2"]
[ECO "E11"]
[WhiteElo "1542"]
[BlackElo "1902"]
[Annotator "NA"]
[PlyCount "55"]
[EventDate "2023.11.30"]
[EventCountry "SRI"]
[SourceTitle "playchess.com"]
[Source "ChessBase"]
[SourceQuality "1"]
[TimeControl "5400+30"]

1. d4 Nf6 2. Nf3 e6 3. c4 Bb4+ 4. Bd2 Qe7 5. a3 Bxd2+ 6. Nbxd2 d6 7. e4 e5 8. d5 a5 9. b4 Bg4 10. Be2 Na6 11. O-O O-O 12. Rb1 axb4 13. axb4 Nh5 14. g3 g6 15. Nh4 Bxe2 16. Qxe2 Ng7 17. Ng2 Rae8 18. Rfe1 Qd7 19. Qd3 f5 20. f4 Rf7 21. fxe5 Ree7 22. e6 Rxe6 23. Nf3 Rxe4 24. Rxe4 fxe4 25. Qxe4 Qf5 26. Qxf5 Nxf5 27. Ng5 Re7 28. Ne6 1/2-1/2

[Event "Western Asian Juniors Chess-ch 2023"]
[Site "Colombo"]
[Date "2023.12.01"]
[Round "3.8"]
[White "Nabil Nazar, Mohamed"]
[Black "Wijerathna, Vinuka Dihain"]
[Result "1-0"]
[ECO "D02"]
[WhiteElo "1803"]
[BlackElo "1534"]
[Annotator "NA RC"]
[PlyCount "119"]
[EventDate "2023.11.30"]
[EventCountry "SRI"]
[SourceTitle "playchess.com"]
[Source "ChessBase"]
[SourceQuality "1"]
[TimeControl "5400+30"]

1. d4 Nf6 2. Bf4 d5 3. e3 e6 4. Nf3 Bd6 5. Bg3 O-O 6. Nbd2 c5 7. c3 Qc7 8. dxc5 Qxc5 9. b4 Qc7 10. c4 Bxg3 11. hxg3 Qe7 12. a3 a5 13. b5 Nbd7 14. Qc2 h6 15. Be2 Nc5 16. Nb3 Nce4 17. O-O a4 18. Nbd2 Nc5 19. cxd5 exd5 20. Nd4 b6 21. Nc6 Qc7 22. Nf3 Re8 23. Rfd1 Be6 24. Nfd4 Nfe4 25. Rac1 Rac8 26. Bf3 Nf6 27. Qb2 Qb7 28. Rc2 Nfe4 29. Qb4 Rc7 30. Nxe6 fxe6 31. Bxe4 Nxe4 32. Qxa4 Rf8 33. g4 Rcf7 34. f3 Nc5 35. Qb4 Qc7 36. Nd4 Qe5 37. Qd2 Ra8 38. Rc3 Qd6 39. Nc2 Raf8 40. e4 Rd7 41. Qd4 Qf4 42. e5 Qf7 43. Nb4 Ra8 44. Nd3 Ra4 45. Qf2 Nxd3 46. Rdxd3 Rc4 47. Qxb6 Rdc7 48. Rxc4 Rxc4 49. Qe3 Qc7 50. b6 Qc6 51. Rb3 Qb7 52. Rb4 d4 53. Qe4 Rc1+ 54. Kh2 Qe7 55. g3 Qc5 56. b7 Rh1+ 57. Kxh1 Qc1+ 58. Kg2 Qd2+ 59. Kh3 Qf2 60. b8=Q+ 1-0

[Event "Western Asian Juniors Chess-ch 2023"]
[Site "Colombo"]
[Date "2023.12.01"]
[Round "3.9"]
[White "Senevirathne, D C B K"]
[Black "Senevirathne, S D B K"]
[Result "0-1"]
[ECO "C54"]
[WhiteElo "1482"]
[BlackElo "1802"]
[Annotator "NA"]
[PlyCount "46"]
[EventDate "2023.11.30"]
[EventCountry "SRI"]
[SourceTitle "playchess.com"]
[Source "ChessBase"]
[SourceQuality "1"]
[TimeControl "5400+30"]

1. e4 e5 2. Nf3 Nc6 3. Bc4 Bc5 4. c3 Nf6 5. O-O Nxe4 6. Qe2 d5 7. Bb5 O-O 8. d3 Nd6 9. Bxc6 bxc6 10. Qxe5 Re8 11. Qg5 Ba6 12. Qd2 Nf5 13. b4 Bd6 14. a4 Qf6 15. Bb2 Nh4 16. Nxh4 Qxh4 17. h3 Qh5 18. c4 dxc4 19. dxc4 Re2 20. Qd1 Bxc4 21. Na3 Bd5 22. Re1 Qg6 23. f3 Qxg2# 0-1

[Event "Western Asian Juniors Chess-ch 2023"]
[Site "Colombo"]
[Date "2023.12.01"]
[Round "3.10"]
[White "Janukshan, B."]
[Black "Galkotuwa, K A R G W D R B G"]
[Result "1-0"]
[ECO "E16"]
[WhiteElo "1635"]
[BlackElo "1532"]
[Annotator "NA RC"]
[PlyCount "155"]
[EventDate "2023.11.30"]
[EventCountry "SRI"]
[SourceTitle "playchess.com"]
[Source "ChessBase"]
[SourceQuality "1"]
[TimeControl "5400+30"]

1. d4 d5 2. Nf3 Nf6 3. g3 e6 4. Bg2 Be7 5. O-O b6 6. c4 Bb7 7. Nc3 Nbd7 8. Bf4 c6 9. Nd2 O-O 10. e4 dxe4 11. Ndxe4 Nxe4 12. Bxe4 Nf6 13. Bf3 Rc8 14. Rc1 Ba6 15. Qa4 Bb7 16. Qxa7 Ba8 17. Rfd1 b5 18. c5 Ne8 19. Qa3 g5 20. Be3 f5 21. Qb3 Ng7 22. Ne2 Qc7 23. Bd2 Kh8 24. Kh1 Rcd8 25. Bc3 Bb7 26. Qc2 h6 27. b4 Bf6 28. Re1 Qf7 29. Rcd1 Ra8 30. Nc1 h5 31. Nd3 Rfd8 32. Ne5 Bxe5 33. Rxe5 Rd7 34. Rde1 Rad8 35. Bb2 Kg8 36. a4 bxa4 37. Qxa4 Ra8 38. Qb3 Rc7 39. Kg1 Ra7 40. Rc1 Ba6 41. Be2 Bxe2 42. Rxe2 Rab7 43. Rce1 Re7 44. Qc4 Qe8 45. Qc3 Qd7 46. Bc1 Qd5 47. Bxg5 Red7 48. Bf6 Rf7 49. Bxg7 Rxg7 50. Rxe6 Rbf7 51. Rd6 Qa2 52. Rxc6 h4 53. Qf3 Rg4 54. Rc8+ Kg7 55. d5 Qd2 56. Rd1 Qxb4 57. d6 Rd4 58. Rf1 Rc4 59. Qh5 Kf6 60. Qh6+ Ke5 61. Re8+ Kd4 62. Qe3+ Kd5 63. Qe6+ Kxc5 64. Qxf7 Kxd6 65. Qe7+ Kc6 66. Rc8+ Kd5 67. Rd1+ Rd4 68. Rd8+ Kc6 69. Rc1+ Rc4 70. Qd7+ Kb6 71. Rb8+ Kc5 72. Rxc4+ Qxc4 73. Rc8+ Kb4 74. Qd2+ Kb5 75. Qb2+ Qb4 76. Rb8+ Kc6 77. Qxb4 Kd5 78. Rb5+ 1-0

[Event "Western Asian Juniors Chess-ch 2023"]
[Site "Colombo"]
[Date "2023.12.01"]
[Round "4.1"]
[White "Harshavardhan G B"]
[Black "Hommadov, Amanmuhammet"]
[Result "1/2-1/2"]
[ECO "E92"]
[WhiteElo "2390"]
[BlackElo "2055"]
[Annotator "RC"]
[PlyCount "71"]
[EventDate "2023.11.30"]
[EventCountry "SRI"]
[SourceTitle "playchess.com"]
[Source "ChessBase"]
[SourceQuality "1"]
[TimeControl "5400+30"]

1. d4 Nf6 2. c4 g6 3. Nc3 Bg7 4. e4 d6 5. Nf3 O-O 6. Be2 e5 7. d5 a5 8. Bg5 Na6 9. Nd2 Qe8 10. g4 Nd7 11. Rg1 Ndc5 12. Nb3 Nxb3 13. Qxb3 Nc5 14. Qc2 Bd7 15. O-O-O c6 16. Be3 cxd5 17. Bxc5 dxc5 18. Nxd5 Qd8 19. g5 Bc6 20. Qd2 b6 21. Rg3 Bxd5 22. Rd3 Qc8 23. cxd5 c4 24. Rc3 b5 25. b3 Qc5 26. Qe3 Qd6 27. bxc4 bxc4 28. Rxc4 Rfc8 29. Rd2 Bf8 30. Rdc2 Rxc4 31. Bxc4 Rb8 32. a4 Rb4 33. Bb5 Rd4 34. f3 Qb4 35. h4 h6 36. Rd2 1/2-1/2

[Event "Western Asian Juniors Chess-ch 2023"]
[Site "Colombo"]
[Date "2023.12.01"]
[Round "4.2"]
[White "Liyanage, Ranindu Dilshan"]
[Black "Thilakarathne, G M H"]
[Result "1/2-1/2"]
[ECO "E24"]
[WhiteElo "2400"]
[BlackElo "2389"]
[Annotator "TA"]
[PlyCount "41"]
[EventDate "2023.11.30"]
[EventCountry "SRI"]
[SourceTitle "playchess.com"]
[Source "ChessBase"]
[SourceQuality "1"]
[TimeControl "5400+30"]

1. d4 Nf6 2. c4 e6 3. Nc3 Bb4 4. a3 Bxc3+ 5. bxc3 Nc6 6. f3 {[%emt 0:01:23] E24: Nimzo-Indian: Sämisch: Unusual Black 5th moves and 5...c5 sidelines.} d5 7. e3 O-O 8. cxd5 {[%emt 0:01:33] The position is equal.} Nxd5 9. c4 Nb6 {[%emt 0:00:58] [#]} (9... Nc3 $2 10. Qc2 $18) 10. Qc2 $146 ({Predecessor:} 10. Bd3 e5 11. d5 Na5 12. Qc2 Naxc4 13. Bxh7+ Kh8 14. Bd3 Qxd5 15. Ne2 Rd8 16. Be4 {0-1 Kolver,C (1991)-Makoto,R (2406) Johannesburg PSS op 2016 (6)}) 10... f5 11. f4 Bd7 12. Nf3 Ne7 13. a4 a5 14. Ne5 (14. c5 $16 Nbd5 15. Bc4) 14... Be8 15. Be2 {[%emt 0:02:02] White is slightly better.} Nc6 16. Bf3 Nxe5 17. dxe5 Bc6 18. Bxc6 bxc6 19. Ba3 Rf7 20. O-O $1 Rd7 21. Rfd1 {[%emt 0:03:51] Repels Rd2.   Weighted Error Value: White=0.05 (flawless) /Black=0.05 (flawless)} 1/2-1/2

[Event "Western Asian Juniors Chess-ch 2023"]
[Site "Colombo"]
[Date "2023.12.01"]
[Round "4.3"]
[White "Raahul V S"]
[Black "De Silva, L M S T"]
[Result "1/2-1/2"]
[ECO "E48"]
[WhiteElo "2350"]
[BlackElo "2394"]
[Annotator "RC"]
[PlyCount "61"]
[EventDate "2023.11.30"]
[EventCountry "SRI"]
[SourceTitle "playchess.com"]
[Source "ChessBase"]
[SourceQuality "1"]
[TimeControl "5400+30"]

1. d4 Nf6 2. c4 e6 3. Nc3 Bb4 4. e3 O-O 5. Bd3 d5 6. cxd5 exd5 7. a3 Bd6 8. Qc2 a6 9. Nge2 Nbd7 10. b4 b6 11. O-O c5 12. bxc5 bxc5 13. Ng3 Qc7 14. Bd2 Bb7 15. Be2 cxd4 16. exd4 Ne4 17. Be1 Rfc8 18. Qb3 Nxc3 19. Bxc3 Qxc3 20. Qxb7 Nf6 21. Nf5 Rcb8 22. Rac1 Qd2 23. Qc6 Bxa3 24. Rc2 Qf4 25. Bd3 Bf8 26. g3 Qf3 27. Rc3 Kh8 28. h3 Rd8 29. Nh4 Kg8 30. Bxa6 Qh5 31. Re3 1/2-1/2

[Event "Western Asian Juniors Chess-ch 2023"]
[Site "Colombo"]
[Date "2023.12.01"]
[Round "4.4"]
[White "Nabil Nazar, Mohamed"]
[Black "Orozbaev, Eldiar"]
[Result "0-1"]
[ECO "A45"]
[WhiteElo "1803"]
[BlackElo "2278"]
[Annotator "RC"]
[PlyCount "42"]
[EventDate "2023.11.30"]
[EventCountry "SRI"]
[SourceTitle "playchess.com"]
[Source "ChessBase"]
[SourceQuality "1"]
[TimeControl "5400+30"]

1. d4 Nf6 2. Bf4 g6 3. Nc3 Bg7 4. e4 d5 5. e5 Ne4 6. Nxe4 dxe4 7. Qd2 O-O 8. O-O-O c5 9. dxc5 Qc7 10. e6 Qxc5 11. Be3 Qf5 12. exf7+ Qxf7 13. Qd5 Be6 14. Qxe4 Rc8 15. g4 Nd7 16. Nf3 Nc5 17. Qf4 Qxf4 18. Bxf4 Bxa2 19. c3 Bb3 20. Re1 Bd5 21. Re3 Rf8 0-1

[Event "Western Asian Juniors Chess-ch 2023"]
[Site "Colombo"]
[Date "2023.12.01"]
[Round "4.5"]
[White "Senevirathne, S D B K"]
[Black "Mazhkenov, Alisher"]
[Result "0-1"]
[ECO "B23"]
[WhiteElo "1802"]
[BlackElo "2105"]
[Annotator "RC"]
[PlyCount "108"]
[EventDate "2023.11.30"]
[EventCountry "SRI"]
[SourceTitle "playchess.com"]
[Source "ChessBase"]
[SourceQuality "1"]
[TimeControl "5400+30"]

1. e4 c5 2. Nc3 d6 3. d4 cxd4 4. Qxd4 Nc6 5. Qd2 g6 6. b3 Bh6 7. f4 Nf6 8. Bb2 O-O 9. g3 e5 10. O-O-O Re8 11. Bg2 exf4 12. gxf4 Bg4 13. Re1 d5 14. exd5 Bxf4 15. Qxf4 Rxe1+ 16. Kd2 Re8 17. Kc1 Ne5 18. Nge2 Nh5 19. Qd2 Bf3 20. Nd4 Bxg2 21. Qxg2 Qh4 22. Ncb5 Nd7 23. Qd2 Re4 24. Nd6 Rf4 25. Re1 Nhf6 26. N4b5 Nxd5 27. Rd1 N7b6 28. c4 Nf6 29. Nxb7 Rf2 30. Qc3 Qf4+ 31. Kb1 Qe4+ 32. Ka1 Qxb7 33. a4 Re8 34. Nd6 Qd7 35. Nxe8 Qxd1+ 36. Ka2 Rxb2+ 37. Qxb2 Nxe8 38. Qe5 Qd7 39. a5 Nc8 40. h4 h5 41. Kb2 Ned6 42. Qd5 Ne7 43. Qa8+ Kh7 44. a6 Nc6 45. Qf8 Ne5 46. Qa8 Ndxc4+ 47. bxc4 Qd2+ 48. Kb1 Qb4+ 49. Ka1 Qc3+ 50. Kb1 Qb3+ 51. Ka1 Qa3+ 52. Kb1 Qxa6 53. Qd5 Qe6 54. Qd4 Qb6+ 0-1

[Event "Western Asian Juniors Chess-ch 2023"]
[Site "Colombo"]
[Date "2023.12.01"]
[Round "4.6"]
[White "Manon, Reja Neer"]
[Black "Janukshan, B."]
[Result "1-0"]
[ECO "B55"]
[WhiteElo "2207"]
[BlackElo "1635"]
[Annotator "RC"]
[PlyCount "63"]
[EventDate "2023.11.30"]
[EventCountry "SRI"]
[SourceTitle "playchess.com"]
[Source "ChessBase"]
[SourceQuality "1"]
[TimeControl "5400+30"]

1. e4 c5 2. Nf3 d6 3. d4 cxd4 4. Nxd4 Nf6 5. f3 a6 6. c4 Nc6 7. Nc3 g6 8. Be3 Bg7 9. Nxc6 bxc6 10. Qd2 Rb8 11. Be2 O-O 12. O-O Be6 13. f4 Qa5 14. Rac1 Rfd8 15. b3 d5 16. cxd5 cxd5 17. e5 d4 18. Na4 Qxd2 19. Bxd2 Ne4 20. Ba5 Rf8 21. Rfd1 Bh6 22. g3 g5 23. Bd3 Nc3 24. Nxc3 dxc3 25. f5 Bd5 26. Bxc3 Bf3 27. Re1 Rfd8 28. Bxa6 Ra8 29. Be2 g4 30. Bxf3 Bxc1 31. Bxa8 Rxa8 32. Rxc1 1-0

[Event "Western Asian Juniors Chess-ch 2023"]
[Site "Colombo"]
[Date "2023.12.01"]
[Round "4.7"]
[White "Kulathilake, S M M P"]
[Black "Halynyazow, Vepaly"]
[Result "1/2-1/2"]
[ECO "D03"]
[WhiteElo "1583"]
[BlackElo "2020"]
[Annotator "RC"]
[PlyCount "61"]
[EventDate "2023.11.30"]
[EventCountry "SRI"]
[SourceTitle "playchess.com"]
[Source "ChessBase"]
[SourceQuality "1"]
[TimeControl "5400+30"]

1. d4 d5 2. Nf3 Nf6 3. Bg5 e6 4. c3 c5 5. e3 Nc6 6. Nbd2 h6 7. Bf4 Bd6 8. Bg3 cxd4 9. exd4 O-O 10. Bd3 Qc7 11. O-O Bxg3 12. hxg3 e5 13. dxe5 Nxe5 14. Nxe5 Qxe5 15. Re1 Qc7 16. Qf3 b5 17. Rac1 Rb8 18. Qf4 Qb6 19. Nb3 a5 20. Nxa5 Ra8 21. b4 Be6 22. Qd4 Qb8 23. Bc2 Rc8 24. a4 bxa4 25. Bxa4 Ne4 26. Nc6 Qb7 27. b5 Nd6 28. Rb1 Nc4 29. Rb4 Na3 30. Qc5 Kh8 31. Rc1 1/2-1/2

[Event "Western Asian Juniors Chess-ch 2023"]
[Site "Colombo"]
[Date "2023.12.01"]
[Round "4.8"]
[White "Ankit Ray"]
[Black "Liyanage, Pesandu Rashmitha"]
[Result "1/2-1/2"]
[ECO "E60"]
[WhiteElo "1902"]
[BlackElo "1766"]
[Annotator "NA RC"]
[PlyCount "41"]
[EventDate "2023.11.30"]
[EventCountry "SRI"]
[SourceTitle "playchess.com"]
[Source "ChessBase"]
[SourceQuality "1"]
[TimeControl "5400+30"]

1. Nf3 g6 2. d4 Nf6 3. b3 Bg7 4. Bb2 O-O 5. c4 c5 6. dxc5 Qa5+ 7. Qd2 Qxd2+ 8. Nbxd2 Na6 9. Bd4 Nb4 10. Kd1 Ng4 11. a3 Bxd4 12. Nxd4 Na6 13. Ke1 Nxc5 14. b4 Ne6 15. Nxe6 fxe6 16. h3 Nf6 17. g3 a5 18. b5 b6 19. Bg2 Rb8 20. a4 d6 21. Nb3 1/2-1/2

[Event "Western Asian Juniors Chess-ch 2023"]
[Site "Colombo"]
[Date "2023.12.01"]
[Round "4.9"]
[White "Sumanathilake, Yonal"]
[Black "Dissanayake, R K T"]
[Result "0-1"]
[ECO "B99"]
[WhiteElo "1524"]
[BlackElo "1865"]
[Annotator "NA RC"]
[PlyCount "75"]
[EventDate "2023.11.30"]
[EventCountry "SRI"]
[SourceTitle "playchess.com"]
[Source "ChessBase"]
[SourceQuality "1"]
[TimeControl "5400+30"]

1. e4 c5 2. Nf3 d6 3. d4 cxd4 4. Nxd4 Nf6 5. Nc3 a6 6. Bg5 e6 7. f4 h6 8. Bh4 Be7 9. Qf3 Qc7 10. O-O-O Nbd7 11. Bd3 b5 12. Bf2 Bb7 13. Rhe1 b4 14. Nb1 g5 15. g3 Nc5 16. Nd2 d5 17. e5 Nfe4 18. Bg1 Qa5 19. N2b3 Qxa2 20. f5 Na4 21. Bxe4 dxe4 22. Qh5 Qxb2+ 23. Kd2 exf5 24. Rf1 Qc3+ 25. Ke2 Qc4+ 26. Ke1 O-O-O 27. Rxf5 Bd5 28. Be3 Nc5 29. Ra1 Nxb3 30. Nxb3 Be6 (30... Qxc2 $2 31. Rc1 $18) 31. Rf2 Qc3+ 32. Bd2 Rxd2 33. Rxd2 Bxb3 34. Qg4+ Kb8 35. Rxa6 Rd8 36. Rad6 Bxd6 {[%emt 0:00:28] Pin} 37. exd6 e3 38. Kd1 0-1